 Dungeon Crawl Stone Soup version 0.31-a0-986-g5e6e4ef867 (webtiles) character file.

Game seed: 17062931748550434157

408 Twinkles the Protected (level 6, -1/47 HPs)
             Began as a Gnoll Wanderer on Nov 19, 2023.
             Was an Initiate of Gozag.
             Slain by a gnoll sergeant
             ... wielding a +0 trident
              (4 damage)
             ... on level 7 of the Dungeon.
             The game lasted 00:17:13 (4614 turns).

Twinkles the Protected (Gnoll Wanderer)             Turns: 4614, Time: 00:17:14

Health: -1/47      AC:  6    Str: 13    XL:     6   Next: 88%
Magic:  3/3        EV: 12    Int: 15    God:    Gozag
Gold:   164        SH:  0    Dex: 12    Spells: 7/9 levels left

rFire   . . .        a - +5 flail "Widowermaker" {antimagic, Str-3 Int+5 Stlth+}
rCold   . . .        (no shield)
rNeg    . . .        m - +1 leather armour "Totwi" {Will+ Str+2}
rPois   +            (no helmet)
rElec   .            (no cloak)
rCorr   .            (no gloves)
SInv    .            d - +0 pair of boots
Will    +....        D - amulet of magic regeneration
Stlth   +++          B - ring of poison resistance
HPRegen 0.27/turn    g - ring of wizardry
MPRegen 0.48/turn

%: wizardry (x1)
@: about to teleport, hasted, very quick
A: fangs 1, strong nose, distributed training
a: Renounce Religion, Potion Petition, Call Merchant, Bribe Branch


You were on level 7 of the Dungeon.
You worshipped Gozag.
Gozag was aware of your devotion.
You visited 1 branch of the dungeon, and saw 6 of its levels.

You collected 519 gold pieces.
You paid 355 gold pieces to Gozag.

Inventory:

Hand Weapons
 a - the +5 flail "Widowermaker" (weapon) {antimagic, Str-3 Int+5 Stlth+}
   (You found it on level 3 of the Dungeon)

   Str-3:     It affects your strength (-3).
   Int+5:     It affects your intelligence (+5).
   Stlth+:    It makes you more stealthy.
 b - a +0 sling
 w - a +1 dagger of holy wrath
 y - a +0 dagger
 z - a +0 dagger of venom
Missiles
 c - a datura-tipped dart
 j - 8 boomerangs
 s - an atropa-tipped dart (quivered)
 E - 5 poisoned darts
Armour
 d - a +0 pair of boots (worn)
 e - a +0 scale mail
 m - the +1 leather armour "Totwi" (worn) {Will+ Str+2}
   (You found it on level 2 of the Dungeon)

   Str+2:     It affects your strength (+2).
   Will+:     It increases your willpower.
Jewellery
 g - a ring of wizardry (right hand)
 r - a ring of willpower
 u - a ring of wizardry
 v - a ring of magical power
 B - a ring of poison resistance (left hand)
 D - an amulet of magic regeneration (around neck)
Scrolls
 n - a scroll of poison {unknown}
 o - a scroll of fog {unknown}
 p - a scroll of noise {unknown}
 K - 2 scrolls of immolation
 Z - 2 scrolls of identify
Potions
 h - a potion of ambrosia {unknown}
 k - a potion of brilliance {unknown}
 l - a potion of experience {unknown}
 q - a potion of might {unknown}
 A - 3 potions of attraction
 C - a potion of lignification {unknown}
 F - a potion of enlightenment {unknown}
 J - 2 potions of curing
 U - a potion of mutation


   Skills:
 + Level 3.4 Fighting
 + Level 2.2 Short Blades
 + Level 2.2 Long Blades
 + Level 2.2 Axes
 + Level 2.2 Maces & Flails
 + Level 2.2 Polearms
 + Level 2.2 Staves
 + Level 2.2 Ranged Weapons
 + Level 2.2 Throwing
 + Level 8.8 Armour
 + Level 2.2 Dodging
 + Level 4.7 Stealth
 + Level 2.2 Shields
 + Level 3.4 Unarmed Combat
 + Level 2.2 Spellcasting
 + Level 1.7 Conjurations
 + Level 1.7 Hexes
 + Level 1.7 Summonings
 + Level 1.7 Necromancy
 + Level 1.7 Translocations
 + Level 1.7 Transmutations
 + Level 1.7 Fire Magic
 + Level 1.7 Ice Magic
 + Level 1.7 Air Magic
 + Level 1.7 Earth Magic
 + Level 1.7 Poison Magic
 + Level 3.5 Invocations
 + Level 3.4 Evocations
 + Level 2.0 Shapeshifting


You had 7 spell levels left.
You knew the following spells:

 Your Spells              Type           Power      Damage    Failure   Level
a - Passwall              Tmut/Erth      5%         N/A       9%          2

Your spell library contained the following spells:

 Spells                   Type           Power      Damage    Failure   Level
 Ensorcelled Hibernation  Hex/Ice        12%        N/A       9%          2
 Gell's Gravitas          Tloc           6%         N/A       16%         3
 Inner Flame              Hex/Fire       6%         N/A       16%         3
 Swiftness                Air            6%         N/A       16%         3
 Teleport Other           Tloc           6%         N/A       16%         3
 Flame Wave               Conj/Fire      6%         2d5       45%         4
 Sticky Flame             Conj/Fire      6%         2d3       45%         4
 Dispersal                Tloc           3%         N/A       100%        6


Dungeon Overview and Level Annotations

Branches:
Dungeon (5/15) Zot: 26966
 Temple: D:4-7

Altars:
Cheibriados
Gozag

Shops:
D:1 (


Innate Abilities, Weirdness & Mutations

You have very sharp teeth.
Your uncanny sense of smell can sniff out nearby items.
Your experience applies equally to all skills.


Message History

The gnoll sergeant is severely wounded.
The gnoll hits you from afar with a +0 spear.
The gnoll misses you. The gnoll closely misses you.
The gnoll sergeant hits you with a +0 trident.
You hit the gnoll sergeant but do no damage.
The gnoll sergeant is severely wounded.
The gnoll misses you. The gnoll barely misses you.
The gnoll closely misses you. The gnoll sergeant closely misses you.
You closely miss the gnoll sergeant.
The gnoll sergeant is severely wounded.
The gnoll hits you but does no damage.
The gnoll hits you from afar with a +0 spear.
The gnoll closely misses you. The gnoll sergeant misses you.
You hit the gnoll sergeant.
You bite the gnoll sergeant, but do no damage.
The gnoll sergeant is severely wounded.
The gnoll hits you from afar with a +0 spear.
* * * LOW HITPOINT WARNING * * *
The gnoll hits you but does no damage. x2
The gnoll sergeant hits you with a +0 trident.
* * * LOW HITPOINT WARNING * * *
As you read the scroll labelled ARCHAL JYCUAF, it crumbles to dust.
The creatures around you are filled with an inner flame!
It was a scroll of immolation.
K - 2 scrolls of immolation
As you read the scroll labelled VOSTOC TAASTA, it crumbles to dust.
It is a scroll of identify.
x - 2 potions of curing;
J - 2 potions of curing;
Z - 2 scrolls of identify The gnoll hits you but does no damage.
The gnoll misses you.
The gnoll sergeant hits you with a +0 trident.
* * * LOW HITPOINT WARNING * * *
The gnoll hits you from afar with a +0 spear.
* * * LOW HITPOINT WARNING * * *
As you read the scroll labelled MAHAOTW VOURCH, it crumbles to dust.
You feel strangely unstable.
It was a scroll of teleportation.
The gnoll closely misses you. The gnoll barely misses you.
The gnoll misses you.
The gnoll sergeant hits you with a +0 trident.
You die...
Your body crumbles into a pile of gold.

.# g.∆ #.∆ #.
#####.#######
.........gg.#
.######.###@#
#...#g#
###.fg# ##..#
##.. #.#.∆
#.##. #.# ##
∆ ...


You could see a sleepcap, a gnoll sergeant (inner flame) and 3 gnolls.

Vanquished Creatures
  2 hounds (D:3)
  3 iguanas
  An orc wizard (D:5)
  9 gnolls
  5 adders
  3 dart slugs
  13 orcs
  7 ball pythons
  6 bats
  4 endoplasms
  6 giant cockroaches
  7 hobgoblins
  5 jackals (D:3)
  8 kobolds
  3 quokkas
  4 frilled lizards
  10 goblins
  3 rats
99 creatures vanquished.

Notes
Turn   | Place    | Note
-------+----------+-------------------------------------------
     0 | D:1      | Twinkles the Gnoll Wanderer began the quest for the Orb.
     0 | D:1      | Twinkles set off with the following items: a +0 dagger, an
                  | atropa-tipped dart, a datura-tipped dart, a +0 scale mail,
                  | a potion of attraction, a potion of mutation.
     0 | D:1      | Reached XP level 1. HP: 17/17 MP: 2/2
   327 | D:1      | Reached XP level 2. HP: 18/23 MP: 3/3
   723 | D:1      | Found Meroi's Antique Weapon Shoppe.
   736 | D:1      | Reached XP level 3. HP: 27/28 MP: 4/4
  1381 | D:2      | Identified the +1 leather armour "Totwi" {Will+ Str+2}
  1461 | D:2      | HP: 8/28 [gnoll/+0 flail (6)]
  1464 | D:2      | HP: 1/28 [gnoll/+0 flail (5)]
  1466 | D:2      | Reached skill level 1 in Short Blades
  1466 | D:2      | Reached skill level 1 in Long Blades
  1466 | D:2      | Reached skill level 1 in Axes
  1466 | D:2      | Reached skill level 1 in Maces & Flails
  1466 | D:2      | Reached skill level 1 in Polearms
  1466 | D:2      | Reached skill level 1 in Staves
  1466 | D:2      | Reached skill level 1 in Ranged Weapons
  1466 | D:2      | Reached skill level 1 in Throwing
  1466 | D:2      | Reached skill level 1 in Dodging
  1466 | D:2      | Reached skill level 1 in Shields
  1466 | D:2      | Reached skill level 1 in Spellcasting
  1606 | D:2      | HP: 6/28 [gnoll/+0 halberd (3)]
  1747 | D:2      | Reached XP level 4. HP: 34/34 MP: 6/6
  1802 | D:2      | Reached skill level 1 in Shapeshifting
  1984 | D:2      | Found an opulent altar of Gozag.
  2105 | D:3      | Found a snail-covered altar of Cheibriados.
  2174 | D:2      | Became a worshipper of Gozag Ym Sagoz the Greedy
  2520 | D:3      | Identified the +5 flail "Widowermaker" {antimagic, Str-3
                  | Int+5 Stlth+}
  2606 | D:3      | Reached skill level 1 in Conjurations
  2606 | D:3      | Reached skill level 1 in Hexes
  2606 | D:3      | Reached skill level 1 in Summonings
  2606 | D:3      | Reached skill level 1 in Necromancy
  2606 | D:3      | Reached skill level 1 in Translocations
  2606 | D:3      | Reached skill level 1 in Transmutations
  2606 | D:3      | Reached skill level 1 in Fire Magic
  2606 | D:3      | Reached skill level 1 in Ice Magic
  2606 | D:3      | Reached skill level 1 in Air Magic
  2606 | D:3      | Reached skill level 1 in Earth Magic
  2606 | D:3      | Reached skill level 1 in Poison Magic
  2985 | D:3      | Reached XP level 5. HP: 26/40 MP: 2/7
  3231 | D:3      | HP: 10/41 [hound (3)]
  3365 | D:3      | Reached XP level 6. HP: 35/47 MP: 2/8
  4054 | D:5      | Entered Level 5 of the Dungeon
  4117 | D:5      | Learned a level 2 spell: Passwall
  4419 | D:5      | Identified the +2 robe of Resilience {rC+ rCorr}
  4580 | D:5      | You fall into a shaft and drop 2 floors!
  4611 | D:7      | HP: 14/47 [gnoll/+0 spear[a gnoll sergeant] (2)]
  4613 | D:7      | HP: 5/47 [gnoll sergeant/+0 trident (3)]
  4614 | D:7      | Slain by a gnoll sergeant

Illustrated notes

Levels and vault maps discovered:
D:1:      tarquinn_simple_flora_water_e, layout_loops_corners, serial_shops,
          nicolae_shop_gibbet_a_chance, serial_park_tiny_2
D:2:      layout_basic, basic_altar, st_stairs_14
D:3:      layout_loops_ring, overflow_temple_1_default
D:4:      layout_cave_pools
D:5:      layout_rooms
D:7:      layout_basic

Skill      XL: |  1  2  3  4  5  6 |
---------------+-------------------+-----
Short Blades   | 1 2 |  2.2
Long Blades    | 1 2 |  2.2
Axes           | 1 2 |  2.2
Maces & Flails | 1 2 |  2.2
Polearms       | 1 2 |  2.2
Staves         | 1 2 |  2.2
Ranged Weapons | 1 2 |  2.2
Throwing       | 1 2 |  2.2
Dodging        | 1 2 |  2.2
Shields        | 1 2 |  2.2
Spellcasting   | 1 2 |  2.2
Shapeshifting  | 1 2 |  2.0
Conjurations   | 1 |  1.7
Hexes          | 1 |  1.7
Summonings     | 1 |  1.7
Necromancy     | 1 |  1.7
Translocations | 1 |  1.7
Transmutations | 1 |  1.7
Fire Magic     | 1 |  1.7
Ice Magic      | 1 |  1.7
Air Magic      | 1 |  1.7
Earth Magic    | 1 |  1.7
Poison Magic   | 1 |  1.7
Invocations    | 3 |  3.5
Fighting       | 3 |  3.4
Unarmed Combat | 3 |  3.4
Evocations     | 3 |  3.4
Armour         | |  8.8
Stealth        | |  4.7

Action                     |  1- 3 |  4- 6 || total
---------------------------+-------+-------++-------
  Melee: Dagger            |   132 |       ||   132
         Bite              |    16 |    19 ||    35
         Unarmed           |    91 |    60 ||   151
         Flail             |       |   173 ||   173
         Punch             |       |     6 ||     6
   Fire: Sling             |       |    23 ||    23
 Invoke: Potion Petition   |       |     1 ||     1
    Use: Scroll            |       |     3 ||     3
   Stab: Sleeping          |       |    10 ||    10
 Armour: Scale mail        |   135 |       ||   135
         Leather armour    |    17 |   212 ||   229
  Dodge: Dodged            |   122 |   170 ||   292

Table legend: (Time is in decaauts)
 A = Elapsed time spent in this place.
 B = Non-inter-level travel time spent in this place.
 C = Inter-level travel time spent in this place.
 D = Time resting spent in this place.
 E = Time spent auto-exploring this place.
 F = Levels seen in this place.
 G = Mean time per level.
                   A        B        C        D        E       F      G
               +--------+--------+--------+--------+--------+-----+--------+
         Total |   4666 |   4322 |    344 |    339 |   2752 |   6 |  777.7 |
       Dungeon |   4666 |   4322 |    344 |    339 |   2752 |   6 |  777.7 |
               +--------+--------+--------+--------+--------+-----+--------+

Top non-repeatable levels by time:
     D:3: 1268 daAuts
     D:1: 1140 daAuts
     D:2: 952 daAuts
     D:4: 830 daAuts
     D:5: 441 daAuts
     D:7: 33 daAuts
